 Dungeon Crawl Stone Soup version 0.15.2 (webtiles) character file.

105 PolkaDot the Fey Vampire (level 4, 0/33 HPs)
             Began as a Vampire Death Knight on Nov 17, 2014.
             Was a Believer of Yredelemnul.
             Succumbed to a kobold's poison
             ... on Level 3 of the Dungeon.
             The game lasted 00:07:05 (2430 turns).

PolkaDot the Fey Vampire (Vampire Death Knight)     Turns: 2430, Time: 00:07:05

HP   0/33        AC  5     Str 17      XL: 4   Next: 54%
MP   0/6         EV 11     Int 18      God: Yredelemnul [**....]
Gold 135         SH  0     Dex 14      Spells:  0 memorised,  3 levels left

rFire  + . .     SeeInvis +     a - +1 spear
rCold  + . .     Clarity  .     b - +1 leather armour
rNeg   . . .     rCorr    +     (no shield)
rPois  +         rRot     .     h - +0 helmet
rElec  +         Spirit   .     (no cloak)
SustAb .         Warding  .     (no gloves)
rMut   .         Stasis   .     (no boots)
Gourm  .                        (no amulet)
MR     .....                    (no ring)
                                (no ring)

@: mighty, brilliant, lethally poisoned, resistant, regenerating quickly, not
resistant to hostile enchantments, very unstealthy
A: fangs 3, see invisible, unbreathing
a: Animate Remains, Recall Undead Slaves, Injury Mirror, Renounce Religion


You were on level 3 of the Dungeon.
You worshipped Yredelemnul.
Yredelemnul was pleased with you.
You were very full.

You visited 1 branch of the dungeon, and saw 3 of its levels.

You collected 135 gold pieces.

Inventory:

Hand weapons
 a - a +1 spear (weapon)
Armour
 b - a +1 leather armour (worn)
 h - a +0 helmet (worn)
Scrolls
 e - a scroll of remove curse
 f - a scroll of recharging
Potions
 c - a potion of brilliance


   Skills:
 - Level 2.0 Fighting
 - Level 2.3 Polearms
 * Level 2.6 Armour
 - Level 1.1 Dodging
 + Level 3.1 Invocations


You had 3 spell levels left.
You didn't know any spells.

Dungeon Overview and Level Annotations

Branches:
Dungeon (3/15)

Altars:
Elyvilon
Fedhas
Okawaru
Vehumet
Xom


Innate Abilities, Weirdness & Mutations

Your natural rate of healing is unusually fast.
You have razor-sharp teeth.
You have supernaturally acute eyesight.
You can survive without breathing.


Message History

Use which ability? (? or * to list)
You don't have enough magic at the moment.
Use which ability? (? or * to list)
You don't have enough magic at the moment.
Use which ability? (? or * to list)
You don't have enough magic at the moment.
Use which ability? (? or * to list)
You don't have enough magic at the moment.
Use which ability? (? or * to list)
You don't have enough magic at the moment.
Use which ability? (? or * to list)
You don't have enough magic at the moment.
There is a lethal amount of poison in your body!
There is a lethal amount of poison in your body!
* * * LOW HITPOINT WARNING * * *
You feel sick.
* * * LOW HITPOINT WARNING * * *
You feel sick.
You die...
Yredelemnul claims you as an undead slave.

#..# #....# #........
#..###.##>###.#######
#.....<.....)...ZZ...
#.###########........
#.##### #........
######.#...### #...#####
#........#...# ##..#....
##...#.Z.#....# #..#....
#.#..8...8..@8..#
#..'....
.#.#....#.Z.#....#
#..#....
#......###.###.#.#
#..#####
##......#...#....#
##.......
#.....8...8...8..#
#..##.#.#
.###....#...#....#
##.###...#
#...###.###.#.# #..#
##...
#####...#...#....####.##
#..#
.......8...8...8.......#
#..#


You could see a friendly hobgoblin skeleton and a friendly orc skeleton.

Vanquished Creatures
  2 adders (D:2)
  4 worms (D:2)
  2 giant geckos
  2 oozes (D:1)
  2 orcs (D:3)
  10 bats
  A giant cockroach (D:2)
  9 hobgoblins
  A quokka (D:2)
  4 giant newts
  5 goblins
  4 jackals (D:1)
  8 kobolds
  9 rats
63 creatures vanquished.

Vanquished Creatures (collateral kills)
  A bat (D:2)
1 creature vanquished.

Vanquished Creatures (others)
  A bat skeleton (D:2)
  A kobold zombie (D:2)
  5 toadstools (D:1)
7 creatures vanquished.

Grand Total: 71 creatures vanquished

Notes
Turn   | Place    | Note
--------------------------------------------------------------
     0 | D:1      | PolkaDot, the Vampire Death Knight, began the quest for the Orb.
     0 | D:1      | Reached XP level 1. HP: 16/16 MP: 1/1
    52 | D:1      | Reached skill level 1 in Armour
   211 | D:1      | Reached XP level 2. HP: 17/22 MP: 2/2
   340 | D:1      | Found an iron altar of Okawaru.
   891 | D:2      | Reached XP level 3. HP: 23/27 MP: 4/4
  1088 | D:2      | Acquired Yredelemnul's second power
  1565 | D:2      | Found a white marble altar of Elyvilon.
  1587 | D:2      | Found an iron altar of Okawaru.
  1606 | D:2      | Found a blossoming altar of Fedhas.
  1670 | D:2      | Reached XP level 4. HP: 22/33 MP: 5/5
  1754 | D:2      | Found a radiant altar of Vehumet.
  1754 | D:2      | Found a shimmering altar of Xom.
  1990 | D:2      | Reached skill level 3 in Invocations
  2428 | D:3      | HP: 1/33 [poisoned by a kobold]
  2430 | D:3      | Succumbed to a kobold's poison

Action                   |  1- 3 |  4- 6 || total
-------------------------+-------+-------++-------
Melee: Spear             |   297 |    69 ||   366
Invok: Animate Remains   |     3 |     3 ||     6
       Recall Undead Sla |       |     3 ||     3
  Use: Potion            |     1 |     6 ||     7
       Scroll            |     5 |     2 ||     7
  Eat: Corpse            |    11 |     5 ||    16
